Construct Section Command Post
Selects Indian Artillery Battlegroup
Selects Towed ML 4.2-inch Heavy Mortar
Construct Platoon Command Post
Towed ML 4.2-inch Heavy Mortar
Selects Off-map Airburst Barrage
Selects Off-map Airburst Barrage
Construct Company Command Post
Selects BL5.5 Artillery Emplacement
6-pounder Anti-tank Gun Team
Selects Gurkha Rifles Section
Selects Volunteer Infantry
Unlock M3 Grant Medium Tanks